 Dungeon Crawl Stone Soup version 0.31-a0-177-g4aa6249778 (webtiles) character file.

Game seed: 9493524488316971740

744 qw the Chopper (level 7, 0/44 HPs)
             Began as a Gargoyle Fighter on June 18, 2023.
             Slain by a two-headed ogre
             ... wielding a +0 giant club
              (11 damage)
             ... on level 5 of the Dungeon.
             The game lasted 00:01:32 (4047 turns).

qw the Chopper (Gargoyle Fighter)                   Turns: 4047, Time: 00:01:32

Health: 0/44       AC: 16    Str: 22    XL:     7   Next: 76%
Magic:  7/7        EV:  8    Int:  8    God:
Gold:   134        SH:  5    Dex: 15    Spells: 6/6 levels left

rFire   . . .        Y - +1 war axe
rCold   . . .        c - +0 buckler
rNeg    + . .        p - +0 chain mail
rPois   inf          i - +0 helmet
rElec   +            (no cloak)
rCorr   .            g - +0 pair of gloves
SInv    .            (no boots)
Will    +....        (no amulet) Stlth
                     e - +6 ring of dexterity
HPRegen 0.27/turn    n - ring of willpower
MPRegen 0.10/turn

%: no passive effects
@: about to teleport
A: sickness immunity, AC +4, negative energy resistance 1, electricity
resistance, torment resistance 1, petrification resistance
a: no special abilities


You were on level 5 of the Dungeon.
You visited 2 branches of the dungeon, and saw 6 of its levels.

You collected 206 gold pieces.
You spent 72 gold pieces at shops.


Innate Abilities, Weirdness & Mutations

You are immune to sickness and miasma.
Your stone body is resilient. (AC +4)
You are immune to poison.
You resist negative energy. (rN+)
You are resistant to electric shocks. (rElec)
You are resistant to unholy torment.
You are immune to petrification.


   Skills:
 - Level 4.4 Fighting
 + Level 6.7 Axes
 - Level 1.3 Throwing
 - Level 3.2 Armour
 - Level 2.0 Dodging
 - Level 3.2 Shields


You had 6 spell levels left.
You didn't know any spells.
Your spell library was empty.

Inventory:

Hand Weapons
 f - a +1 flail of protection
 Y - a +1 war axe (weapon)
Missiles
 m - 2 boomerangs
 s - a javelin (quivered)
Armour
 c - a +0 buckler (worn)
 g - a +0 pair of gloves (worn)
 i - a +0 helmet (worn)
 p - a +0 chain mail (worn)
Jewellery
 e - a +6 ring of dexterity (left hand)
 n - a ring of willpower (right hand)
Scrolls
 l - a scroll of identify
 o - 2 scrolls of teleportation
Potions
 a - a potion of haste {unknown}
 b - a potion of curing
 d - 2 potions of might
 h - a potion of degeneration {unknown}
 j - a potion of lignification
 q - a potion of cancellation
 r - a potion of enlightenment

Dungeon Overview and Level Annotations

Branches:
Dungeon (5/15)             Temple (1/1) D:4

Altars:
Ashenzari
Dithmenos
Elyvilon
Gozag
Makhleb
Nemelex Xobeh
Ru
Sif Muna
Wu Jian
Xom
Yredelemnul
Zin
The Shining One

Shops:
D:3 !=!:   D:5 (

Annotations:
D:5 1 runed translucent door


Message History

The ice beast hits you but does no damage.
You closely miss the ice beast.
The ice beast is moderately wounded.
The ice beast hits you but does no damage.
You slice the ice beast!!
You kill the ice beast!
s - 2 javelins A two-headed ogre comes into view.
It is wielding a +0 giant club and a +0 dire flail.
Found a stone staircase leading down.
Enter note:
Enter note:
Enter note:
Enter note: You throw a javelin.
The javelin barely misses the two-headed ogre.
You hit the two-headed ogre but do no damage.
The two-headed ogre barely misses you.
The two-headed ogre hits you with a +0 dire flail!
You slash the two-headed ogre!
The two-headed ogre is lightly wounded.
You hit the two-headed ogre.
The two-headed ogre is lightly wounded.
The two-headed ogre hits you with a +0 giant club!
The two-headed ogre barely misses you.
You hit the two-headed ogre.
The two-headed ogre is moderately wounded.
The two-headed ogre hits you with a +0 giant club.
The two-headed ogre hits you with a +0 dire flail!
4045 ||| READING 3 scrolls of teleportation.
As you read the scroll of teleportation, it crumbles to dust.
You feel strangely unstable.
The two-headed ogre hits you with a +0 giant club.
The two-headed ogre hits you with a +0 dire flail.
4046 ||| DRINKING potion of heal wounds.
You feel much better.
You hit the two-headed ogre.
The two-headed ogre is moderately wounded.
The two-headed ogre hits you with a +0 giant club!
The two-headed ogre hits you with a +0 dire flail!
You die...

# #.#
##.#.########.##.#
#.# # #.#
#.#...........##.#
#.# # #.#
##...###########.#
#.# # ##.######.##
#.# #.# #
#.........#
#.###.## #
#.%########
#....... # #..#
#####.## # #..#
################.#
#####..#
#.@..............#
.......#
#O################
######.# #. #.# #>
.. (. ### ##


You could see a two-headed ogre.

Vanquished Creatures
  An ice beast (D:5)
  3 ogres
  A phantom (D:5)
  A scorpion (D:4)
  A hound (D:5)
  2 iguanas (D:5)
  2 orc wizards
  4 adders
  A white imp (D:5)
  6 dart slugs
  A worm (D:2)
  13 orcs
  5 ball pythons
  7 endoplasms
  3 giant cockroaches
  3 goblins
  3 hobgoblins
  A bat (D:2)
  5 frilled lizards
  10 kobolds
  4 rats
77 creatures vanquished.

Notes
Turn   | Place    | Note
-------+----------+-------------------------------------------
     0 | D:1      | qw the Gargoyle Fighter began the quest for the Orb.
     0 | D:1      | Reached XP level 1. HP: 14/14 MP: 1/1
     0 | D:1      | 0 ||| qw: Version: 0.3-a-5-g6f28e65
     0 | D:1      | 0 ||| qw: Game counter: 629
     0 | D:1      | 0 ||| qw: Always use a shield: true
     0 | D:1      | 0 ||| qw: God list: Okawaru
     0 | D:1      | 0 ||| qw: Allow faded altars: false
     0 | D:1      | 0 ||| qw: Do Orc after D:15 true
     0 | D:1      | 0 ||| qw: Do second Lair branch before Depths: true
     0 | D:1      | 0 ||| qw: Lair rune preference: random
     0 | D:1      | 0 ||| qw: Plans: Normal, Zot:1-4, Slime:5, God:TSO, Crypt,
                  | Tomb, Abyss, Pan, Hells, Win
     0 | D:1      | 0 ||| PLANNING D:1-11
    82 | D:1      | Reached skill level 2 in Axes
   149 | D:1      | Reached XP level 2. HP: 19/19 MP: 2/2
   338 | D:1      | 338 ||| FLEEEEING.
   664 | D:1      | 664 ||| READING scroll labelled WUX SAUDETU.
   665 | D:1      | 665 ||| READING scroll labelled NOHICK NOYROEF.
   666 | D:1      | 666 ||| READING 2 scrolls labelled DOANOA SUEF.
   703 | D:2      | Reached skill level 3 in Axes
   823 | D:2      | 823 ||| Stepping ~*~*~tactically~*~*~ (stealth).
   831 | D:2      | 831 ||| Stepping ~*~*~tactically~*~*~ (stealth).
   832 | D:2      | 832 ||| Stepping ~*~*~tactically~*~*~ (stealth).
   840 | D:2      | Reached XP level 3. HP: 23/23 MP: 3/3
  1078 | D:2      | Found a faded altar of an unknown god.
  1090 | D:2      | Identified the +2 ring mail of Xummi {rPois Str+4}
  1332 | D:2      | 1332 ||| UPGRADING to +2 ring mail of Xummi {rPois Str+4}.
  1342 | D:2      | 1342 ||| DROPPING +0 scale mail.
  1343 | D:2      | 1343 ||| READING scroll labelled AMESMA VUTUV.
  1344 | D:2      | 1344 ||| READING scroll labelled DEL NOWANOI.
  1345 | D:2      | 1345 ||| READING scroll labelled JIURHA USEYKH.
  1390 | D:3      | Found Diokhabi's Distillery.
  1391 | D:3      | 1391 ||| Stepping ~*~*~tactically~*~*~ (hiding).
  1506 | D:3      | 1506 ||| BUYING 2 potions of curing (72 gold).
  1506 | D:3      | Bought 2 potions of curing for 72 gold pieces
  1506 | D:3      | 1506 ||| SHOPLISTING 2 potions of lignification (72 gold,
                  | have 14).
  1506 | D:3      | 1506 ||| SHOPLISTING potion of curing (36 gold, have 14).
  1506 | D:3      | 1506 ||| SHOPLISTING potion of lignification (36 gold, have
                  | 14).
  1506 | D:3      | 1506 ||| SHOPLISTING potion of might (48 gold, have 14).
  1506 | D:3      | 1506 ||| SHOPLISTING potion of resistance (120 gold, have
                  | 14).
  1628 | D:3      | Found Ezuib's Distillery.
  1635 | D:3      | 1635 ||| SHOPLISTING 2 potions of curing (84 gold, have
                  | 37).
  1635 | D:3      | 1635 ||| SHOPLISTING potion of attraction (42 gold, have
                  | 37).
  1635 | D:3      | 1635 ||| SHOPLISTING potion of curing (42 gold, have 37).
  1635 | D:3      | 1635 ||| SHOPLISTING potion of lignification (42 gold, have
                  | 37).
  1635 | D:3      | 1635 ||| SHOPLISTING potion of mutation (112 gold, have
                  | 37).
  1657 | D:3      | 1657 ||| DROPPING +0 mace.
  1724 | D:3      | You fall into a shaft and drop 2 floors!
  1724 | D:5      | Entered Level 5 of the Dungeon
  1728 | D:5      | Found a burning altar of Makhleb.
  1730 | D:5      | 1730 ||| Stepping ~*~*~tactically~*~*~ (hiding).
  1737 | D:5      | 1737 ||| DRINKING 2 potions of curing.
  1737 | D:5      | 1737 ||| (to cure confusion)
  1747 | D:5      | Reached skill level 4 in Axes
  1747 | D:5      | Reached XP level 4. HP: 27/28 MP: 4/4
  1753 | D:5      | 1753 ||| DROPPING +0 flail.
  1897 | D:5      | 1897 ||| Stepping ~*~*~tactically~*~*~ (hiding).
  2046 | D:5      | Noticed a phantom
  2055 | D:5      | Reached skill level 1 in Throwing
  2055 | D:5      | Reached XP level 5. HP: 18/32 MP: 5/5
  2057 | D:5      | HP: 7/32 [phantom (4)]
  2058 | D:5      | 2058 ||| READING scroll of teleportation.
  2058 | D:5      | HP: 2/32 [phantom (6)]
  2060 | D:5      | Killed a phantom
  2061 | D:5      | Reached skill level 5 in Axes
  2195 | D:5      | Found a runed translucent door.
  2241 | D:5      | Found an opulent altar of Gozag.
  2262 | D:5      | Noticed an ogre
  2265 | D:5      | Killed an ogre
  2266 | D:5      | Reached XP level 6. HP: 37/37 MP: 6/6
  2379 | D:5      | 2379 ||| UPGRADING to +0 pair of gloves.
  2384 | D:5      | 2384 ||| UPGRADING to +0 helmet.
  2389 | D:5      | 2389 ||| UPGRADING to +6 ring of dexterity.
  2390 | D:5      | 2390 ||| READING scroll labelled WALEUH ROUHOPT.
  2391 | D:5      | 2391 ||| READING scroll labelled IVVIFYDYLE.
  2392 | D:5      | 2392 ||| READING scroll labelled ATUN HUNIRPHOA.
  2538 | D:3      | 2538 ||| Stepping ~*~*~tactically~*~*~ (stealth).
  2550 | D:3      | 2550 ||| Stepping ~*~*~tactically~*~*~ (stealth).
  2581 | D:3      | Found Korph's Jewellery Shop.
  2590 | D:3      | 2590 ||| SHOPLISTING +5 ring of evasion (504 gold, have
                  | 82).
  2590 | D:3      | 2590 ||| SHOPLISTING amulet of reflection (420 gold, have
                  | 82).
  2590 | D:3      | 2590 ||| SHOPLISTING ring of Pufry {Ice Dex+4} (565 gold,
                  | have 82).
  2590 | D:3      | 2590 ||| SHOPLISTING ring of positive energy (280 gold,
                  | have 82).
  2590 | D:3      | 2590 ||| SHOPLISTING ring of protection from cold (350
                  | gold, have 82).
  2590 | D:3      | 2590 ||| SHOPLISTING ring of willpower (350 gold, have 82).
  2651 | D:3      | Found a shimmering blue altar of Sif Muna.
  2664 | D:3      | Found Waehet's Book Boutique.
  2757 | D:3      | Reached XP level 7. HP: 44/44 MP: 7/7
  2764 | D:3      | Found a glowing golden altar of the Shining One.
  2849 | D:3      | 2849 ||| Stepping ~*~*~tactically~*~*~ (stealth).
  2851 | D:3      | 2851 ||| Stepping ~*~*~tactically~*~*~ (hiding).
  3028 | D:3      | 3028 ||| DRINKING 2 glowing pink potions.
  3053 | D:3      | 3053 ||| DRINKING 2 metallic yellow potions.
  3076 | D:4      | 3076 ||| Stepping ~*~*~tactically~*~*~ (hiding).
  3078 | D:4      | 3078 ||| Stepping ~*~*~tactically~*~*~ (hiding).
  3113 | D:4      | 3113 ||| Stepping ~*~*~tactically~*~*~ (stealth).
  3117 | D:4      | 3117 ||| Stepping ~*~*~tactically~*~*~ (stealth).
  3192 | D:4      | 3192 ||| Stepping ~*~*~tactically~*~*~ (hiding).
  3205 | D:4      | Found a staircase to the Ecumenical Temple.
  3206 | D:4      | 3206 ||| PLANNING TEMPLE
  3206 | D:4      | 3206 ||| UPGRADING to +0 chain mail.
  3216 | D:4      | 3216 ||| DROPPING +2 ring mail of Xummi {rPois Str+4}.
  3217 | D:4      | 3217 ||| UPGRADING to ring of willpower.
  3218 | D:4      | 3218 ||| READING scroll labelled LEIHOS ROEHEM.
  3227 | Temple   | Entered the Ecumenical Temple
  3228 | Temple   | 3228 ||| Stepping randomly (stuck).
  3229 | Temple   | 3229 ||| PLANNING D:1-11
  3255 | D:4      | 3255 ||| Stepping ~*~*~tactically~*~*~ (stealth).
  3270 | D:4      | Reached skill level 6 in Axes
  3585 | D:4      | Found a white marble altar of Elyvilon.
  3590 | D:4      | Found a basalt altar of Yredelemnul.
  3591 | D:4      | Found an ornate altar of the Wu Jian Council.
  3633 | D:4      | 3633 ||| Stepping ~*~*~tactically~*~*~ (hiding).
  3818 | D:4      | 3818 ||| DRINKING 2 fizzy yellow potions.
  3819 | D:4      | 3819 ||| DRINKING 2 murky grey potions.
  3903 | D:5      | Found Hiqa's Weapon Boutique.
  4039 | D:5      | Noticed a two-headed ogre
  4044 | D:5      | HP: 7/44 [two-headed ogre/+0 giant club (7)]
  4045 | D:5      | 4045 ||| READING 3 scrolls of teleportation.
  4045 | D:5      | HP: 3/44 [two-headed ogre/+0 giant club (4)]
  4045 | D:5      | HP: 1/44 [two-headed ogre/+0 giant club (2)]
  4046 | D:5      | 4046 ||| DRINKING potion of heal wounds.
  4047 | D:5      | Slain by a two-headed ogre

Levels and vault maps discovered:
D:1:      dpeg_arrival_more_subterranean_lakeside_camping, layout_basic
D:2:      layout_basic, ebering_ecumenical_altar_abandoned
D:3:      minmay_evil_eye, layout_loops_ring, nicolae_tso_carved_into_rock,
          nicolae_sif_muna_little_library, serial_shops, shop, shop,
          nicolae_lakefront_shop, shop, hangedman_decor_diamond_cutter
D:4:      layout_loops_cross, grunt_temple_overflow_open,
          minmay_temple_entry_ruins
D:5:      layout_loops_ring, nicolae_overflow_crystal_walls,
          mainiacjoe_overflow_boulevard, serial_shops, shop,
          ebering_ghost_sewer_d
Temple:   hellmonk_temple_micro_hex

Skill      XL: |  1  2  3  4  5  6  7 |
---------------+----------------------+-----
Axes           | 2 3 4 5 6 |  6.7
Throwing       | 1 |  1.3
Dodging        | 2 |  2.0
Fighting       | 4 |  4.4
Armour         | |  3.2
Shields        | |  3.2

Action                     |  1- 3 |  4- 6 |  7- 9 || total
---------------------------+-------+-------+-------++-------
  Melee: War axe           |   103 |    46 |    50 ||   199
  Throw: Javelin           |       |    10 |     5 ||    15
         Boomerang         |       |       |     9 ||     9
    Use: Scroll            |     6 |     4 |     2 ||    12
         Potion            |     1 |       |     5 ||     6
 Armour: Scale mail        |    36 |       |       ||    36
         Ring mail         |    16 |    17 |    12 ||    45
         Chain mail        |       |       |     7 ||     7
  Dodge: Dodged            |    39 |    20 |    20 ||    79
  Block: Buckler           |    14 |     7 |     9 ||    30

Table legend:
 A = Non-vault XP
 B = Vault XP
 C = Vault XP percentage of total XP
 D = Non-vault monster count
 E = Vault monster count
 F = Vault count percentage of total count
                 A         B        C        D         E       F
            +---------+---------+-------+---------+---------+-------
      Total |    1058 |       5 |   0.5 |      74 |       3 |   3.9
            +---------+---------+-------+---------+---------+-------
        D:1 |      28 |       0 |   0.0 |      16 |       0 |   0.0
        D:2 |      13 |       0 |   0.0 |       8 |       0 |   0.0
        D:3 |     163 |       5 |   3.0 |      16 |       3 |  15.8
        D:4 |     307 |       0 |   0.0 |      19 |       0 |   0.0
        D:5 |     547 |       0 |   0.0 |      15 |       0 |   0.0
            +---------+---------+-------+---------+---------+-------
